 Dungeon Crawl Stone Soup version 0.29.1-15-g9cfb28693d (webtiles) character file.

Game seed: 4949675374024045538

6356 zeram the Blocker (level 10, -7/83 HPs)
             Began as a Gnoll Fighter on Feb 25, 2023.
             Was an Initiate of Gozag.
             Mangled by Snorg (18 damage)
             ... on level 10 of the Dungeon.
             The game lasted 00:32:18 (14755 turns).

zeram the Blocker (Gnoll Fighter)                  Turns: 14755, Time: 00:32:21

Health: -7/83      AC: 12    Str: 16    XL:     10   Next: 96%
Magic:  28/28      EV: 11    Int: 12    God:    Gozag
Gold:   920        SH: 12    Dex: 11    Spells: 19/21 levels left

rFire   . . .      SeeInvis .   x - +1 spear (vamp)
rCold   + . .      Faith    .   c - +1 buckler
rNeg    . . .      Spirit   .   b - +0 scale mail
rPois   .          Reflect  +   n - +0 helmet
rElec   .          Harm     .   (no cloak)
rCorr   .          Rampage  .   G - +0 pair of gloves
Will    .....                   p - +0 pair of boots
Stlth   ++........              h - amulet of reflection
HPRegen 0.23/turn               j - ring of protection from cold
MPRegen 0.21/turn               B - ring of magical power

@: no status effects
A: fangs 1, strong nose, distributed training
a: Renounce Religion, Potion Petition, Call Merchant, Bribe Branch


You were on level 10 of the Dungeon.
You worshipped Gozag.
Gozag was pleased with you.
You visited 2 branches of the dungeon, and saw 11 of its levels.

You collected 2087 gold pieces.
You spent 1104 gold pieces at shops.
You paid 63 gold pieces to Gozag.

Inventory:

Hand Weapons
 a - a +0 war axe
 s - a +2 vampiric long sword
 t - a +2 whip of freezing
 x - a +1 vampiric spear (weapon)
 H - the +8 halberd "Uritwaj" {flame, *Noise Str-5 Int+8 SInv}
   (You bought it in a shop on level 8 of the Dungeon)

   It burns those it strikes, dealing additional fire damage.
   Big, fiery blades are also staple armaments of hydra-hunters.
   Str:       It affects your strength (-5).
   Int:       It affects your intelligence (+8).
   SInv:      It lets you see invisible.
   *Noise:    It may make noises in combat.
Armour
 b - a +0 scale mail (worn)
 c - a +1 buckler (worn)
 n - a +0 helmet (worn)
 p - a +0 pair of boots (worn)
 w - a +2 robe of willpower
 G - a +0 pair of gloves (worn)
Jewellery
 d - a ring of willpower
 h - an amulet of reflection (around neck)
 j - a ring of protection from cold (left hand)
 l - an amulet of the acrobat
 y - a +6 ring of dexterity
 B - a ring of magical power (right hand)
 C - a ring of resist corrosion
Wands
 F - a wand of charming (12)
 J - a wand of flame (7)
Scrolls
 o - a scroll of torment
 u - a scroll of teleportation
 D - a scroll of identify
 E - a scroll of amnesia
 I - 2 scrolls of noise {unknown}
 K - a scroll of magic mapping
 L - a scroll of enchant weapon
Potions
 e - 5 potions of magic
 f - 2 potions of lignification {unknown}
 i - 3 potions of degeneration
 k - 2 potions of haste
 m - 3 potions of brilliance
 q - 2 potions of attraction {unknown}
 r - a potion of cancellation
 v - 4 potions of curing
 z - 3 potions of flight {unknown}
 A - 3 potions of mutation


   Skills:
 + Level 9.0 Fighting
 + Level 6.0 Short Blades
 + Level 6.0 Long Blades
 + Level 7.6 Axes
 + Level 6.0 Maces & Flails
 + Level 6.0 Polearms
 + Level 6.0 Staves
 + Level 6.0 Ranged Weapons
 + Level 6.0 Throwing
 + Level 9.0 Armour
 + Level 6.0 Dodging
 + Level 6.0 Stealth
 + Level 9.0 Shields
 + Level 6.0 Unarmed Combat
 + Level 6.0 Spellcasting
 + Level 4.9 Conjurations
 + Level 4.9 Hexes
 + Level 4.9 Summonings
 + Level 4.9 Necromancy
 + Level 4.9 Translocations
 + Level 4.9 Transmutations
 + Level 4.9 Fire Magic
 + Level 4.9 Ice Magic
 + Level 4.9 Air Magic
 + Level 4.9 Earth Magic
 + Level 4.9 Poison Magic
 + Level 6.5 Invocations
 + Level 6.0 Evocations


You had 19 spell levels left.
You knew the following spells:

 Your Spells              Type           Power      Damage    Failure   Level
a - Call Imp              Summ           15%        N/A       13%         2

Your spell library contained the following spells:

 Spells                   Type           Power      Damage    Failure   Level
 Beastly Appendage        Tmut           30%        N/A       9%          1
 Magic Dart               Conj           60%        1d6       9%          1
 Static Discharge         Conj/Air       15%        3-5/arc   13%         2
 Wereblood                Tmut           15%        N/A       13%         2
 Ignite Poison            Fire/Tmut/Pois 15%        N/A       26%         3
 Mephitic Cloud           Conj/Pois/Air  15%        N/A       26%         3
 Spider Form              Tmut/Pois      15%        N/A       26%         3
 Dispel Undead            Necr           15%        3d10      65%         4
 Sticky Flame             Conj/Fire      15%        2d4       65%         4
 Freezing Cloud           Conj/Ice/Air   7%         6-21      94%         5


Dungeon Overview and Level Annotations

Branches:
Dungeon (10/15)            Temple (1/1) D:7
   Lair: D:8-11         Orc: D:9-12

Altars:
Ashenzari
Cheibriados
Dithmenos
Elyvilon
Fedhas
Gozag
Hepliaklqana
Kikubaaqudgha
Makhleb
Nemelex Xobeh
Okawaru
Qazlal
Ru
Sif Muna
Trog
Uskayaw
Vehumet
Wu Jian
Xom
Yredelemnul
Zin
The Shining One

Shops:
D:5 (   D:8 ((   D:9 ?

Annotations:
D:10 Snorg


Innate Abilities, Weirdness & Mutations

You have very sharp teeth.
Your uncanny sense of smell can sniff out nearby items.
Your experience applies equally to all skills.


Message History

Snorg is lightly wounded.
You block Snorg's attack. x2; Snorg claws you.
You barely miss Snorg.
Snorg is lightly wounded.
You block Snorg's attack. Snorg claws you. Snorg claws you but does no damage.
You hit Snorg.
You feel better.
Snorg is lightly wounded.
Snorg bites you. Snorg claws you. You block Snorg's attack.
You hit Snorg.
You feel better.
Snorg is lightly wounded.
Snorg goes berserk!
You hit Snorg.
Snorg is lightly wounded.
You block Snorg's attack. Snorg claws you! Snorg closely misses you.
You hit Snorg.
You feel better.
Snorg is lightly wounded.
You block Snorg's attack. Snorg claws you but does no damage. Snorg claws you!
You hit Snorg.
You feel better.
Your bite misses Snorg.
Snorg is lightly wounded.
You block Snorg's attack. Snorg barely misses you. You block Snorg's attack.
Snorg bites you! You block Snorg's attack. Snorg claws you.
You hit Snorg.
You feel better.
Snorg is lightly wounded.
Snorg bites you but does no damage. Snorg claws you but does no damage.
Snorg claws you!
You hit Snorg.
You feel better.
Snorg is lightly wounded.
Snorg misses you. You block Snorg's attack. x2
You hit Snorg.
Snorg is lightly wounded.
You block Snorg's attack. Snorg claws you. Snorg claws you!
* * * LOW HITPOINT WARNING * * *
Unknown command.
You hit Snorg.
Snorg is lightly wounded.
Snorg closely misses you. Snorg claws you but does no damage. Snorg claws you!
* * * LOW HITPOINT WARNING * * *
Snorg closely misses you. You block Snorg's attack. Snorg claws you!!
You die...
Your body crumbles into a pile of gold.

#######+###
#.........#
#.........#
#>........#
#.........#
#.........#
#<........#
#.$.@T....+
#...).....#
###########


You could see Snorg (berserk).

Vanquished Creatures
  Pikel (D:4)
  Grinder (D:6)
  9 yaks
  2 steam dragons (D:9)
  2 water moccasins
  An orc warrior (D:9)
  5 ice beasts
  4 sky beasts
  An ogre (D:5)
  3 centaurs
  A phantom (D:6)
  2 bullfrogs
  Blork the orc (D:6)
  5 scorpions
  8 wights
  11 killer bees
  5 howler monkeys
  3 hounds
  5 orc priests
  2 gnoll boudas
  3 jellies
  4 iguanas
  12 orc wizards
  Robin (D:2)
  5 adders
  8 gnolls
  A shadow imp (D:7)
  2 white imps
  2 worms
  2 dart slugs
  26 orcs
  13 ball pythons
  2 bats
  2 endoplasms (D:4)
  4 giant cockroaches
  11 goblins
  8 hobgoblins
  11 jackals
  7 quokkas
  5 frilled lizards
  9 kobolds
  A rat (D:2)
211 creatures vanquished.

Vanquished Creatures (others)
  A wizard (D:9)
  A kobold brigand (D:6)
  7 fungi (D:2)
  11 plants
20 creatures vanquished.

Grand Total: 231 creatures vanquished

Notes
Turn   | Place    | Note
-------+----------+-------------------------------------------
     0 | D:1      | zeram the Gnoll Fighter began the quest for the Orb.
     0 | D:1      | Reached XP level 1. HP: 23/23 MP: 1/1
   259 | D:1      | Reached XP level 2. HP: 28/29 MP: 2/2
   984 | D:2      | Reached XP level 3. HP: 34/35 MP: 3/3
  1109 | D:2      | Reached skill level 1 in Invocations
  1221 | D:2      | Noticed Robin
  1234 | D:2      | Reached skill level 1 in Short Blades
  1234 | D:2      | Reached skill level 1 in Long Blades
  1234 | D:2      | Reached skill level 1 in Maces & Flails
  1234 | D:2      | Reached skill level 1 in Polearms
  1234 | D:2      | Reached skill level 1 in Staves
  1234 | D:2      | Reached skill level 1 in Ranged Weapons
  1234 | D:2      | Reached skill level 1 in Throwing
  1234 | D:2      | Reached skill level 1 in Dodging
  1234 | D:2      | Reached skill level 1 in Stealth
  1234 | D:2      | Reached skill level 1 in Unarmed Combat
  1234 | D:2      | Reached skill level 1 in Spellcasting
  1234 | D:2      | Reached skill level 1 in Evocations
  1235 | D:2      | Killed Robin
  1237 | D:2      | Reached XP level 4. HP: 18/41 MP: 5/5
  1564 | D:2      | Reached skill level 1 in Conjurations
  1564 | D:2      | Reached skill level 1 in Hexes
  1564 | D:2      | Reached skill level 1 in Summonings
  1564 | D:2      | Reached skill level 1 in Necromancy
  1564 | D:2      | Reached skill level 1 in Translocations
  1564 | D:2      | Reached skill level 1 in Transmutations
  1564 | D:2      | Reached skill level 1 in Fire Magic
  1564 | D:2      | Reached skill level 1 in Ice Magic
  1564 | D:2      | Reached skill level 1 in Air Magic
  1564 | D:2      | Reached skill level 1 in Earth Magic
  1564 | D:2      | Reached skill level 1 in Poison Magic
  1578 | D:2      | Found a faded altar of an unknown god.
  1859 | D:3      | Reached XP level 5. HP: 7/47 MP: 5/7
  2165 | D:3      | Found a blossoming altar of Fedhas.
  2289 | D:3      | Found an ornate altar of the Wu Jian Council.
  2974 | D:4      | Noticed Pikel
  2975 | D:4      | Noticed a lemure
  2975 | D:4      | Noticed a lemure
  2976 | D:4      | Noticed a lemure
  2976 | D:4      | Noticed a lemure
  2983 | D:4      | Killed Pikel
  2984 | D:4      | Reached skill level 5 in Axes
  2984 | D:4      | Reached XP level 6. HP: 47/55 MP: 7/9
  2984 | D:4      | Reached XP level 7. HP: 52/60 MP: 7/10
  3461 | D:4      | Found a stormy altar of Qazlal.
  3482 | D:4      | Identified the +1 robe "Kujebaitt" {*Slow rC+ Will+}
  3629 | D:5      | Entered Level 5 of the Dungeon
  3667 | D:5      | Identified the +1 scale mail of Curiosity {Will+ Str-3
                  | Int+5}
  3814 | D:5      | Found an opulent altar of Gozag.
  3942 | D:5      | Reached XP level 8. HP: 67/67 MP: 12/12
  3995 | D:5      | Became a worshipper of Gozag Ym Sagoz the Greedy
  4008 | D:6      | Noticed Blork the orc
  4023 | D:6      | Killed Blork the orc
  4406 | D:5      | Found an ancient bone altar of Kikubaaqudgha.
  4995 | D:5      | Found a shimmering blue altar of Sif Muna.
  5056 | D:5      | Found Georrofe's Antique Weapon Emporium.
  5224 | D:6      | Found a sparkling altar of Nemelex Xobeh.
  5268 | D:6      | Reached XP level 9. HP: 73/73 MP: 14/14
  5349 | D:6      | Found a shimmering altar of Xom.
  5444 | D:6      | Noticed Grinder
  5450 | D:6      | Paralysed by Grinder for 3 turns
  5456 | D:6      | Killed Grinder
  6064 | D:6      | Found a snail-covered altar of Cheibriados.
  6214 | D:6      | Reached skill level 5 in Invocations
  6414 | D:7      | Found a staircase to the Ecumenical Temple.
  6711 | Temple   | Entered the Ecumenical Temple
  7386 | D:7      | HP: 3/62 [steam dragon/ball of steam (12)]
  7699 | D:7      | Noticed a +0 dagger
  7700 | D:7      | Noticed a +0 short sword
  7700 | D:7      | Noticed a +0 dagger
  7701 | D:7      | Noticed a +0 falchion
  7701 | D:7      | Noticed a +0 spear
  7701 | D:7      | Noticed a +0 short sword
  7701 | D:7      | Noticed a +0 falchion
  7702 | D:7      | Noticed a +0 spear
  7706 | D:7      | Found a hide-covered altar of Uskayaw.
  8034 | D:7      | Reached skill level 5 in Short Blades
  8034 | D:7      | Reached skill level 5 in Long Blades
  8034 | D:7      | Reached skill level 5 in Maces & Flails
  8034 | D:7      | Reached skill level 5 in Polearms
  8034 | D:7      | Reached skill level 5 in Staves
  8034 | D:7      | Reached skill level 5 in Ranged Weapons
  8034 | D:7      | Reached skill level 5 in Throwing
  8034 | D:7      | Reached skill level 5 in Dodging
  8034 | D:7      | Reached skill level 5 in Stealth
  8034 | D:7      | Reached skill level 5 in Unarmed Combat
  8034 | D:7      | Reached skill level 5 in Spellcasting
  8034 | D:7      | Reached skill level 5 in Evocations
  8034 | D:7      | Reached XP level 10. HP: 75/78 MP: 17/17
  9021 | D:8      | Found Fenuc's Antique Weapon Shop.
 10851 | D:8      | Found Cafratwye's Antique Weapon Boutique.
 11350 | D:7      | Learned a level 2 spell: Call Imp
 12487 | D:8      | Bought an ivory halberd for 234 gold pieces
 12487 | D:8      | Identified the +8 halberd "Uritwaj" {flame, *Noise Str-5
                  | Int+8 SInv} (You bought it in a shop on level 8 of the
                  | Dungeon)
 12545 | D:8      | Found a glowing golden altar of the Shining One.
 12716 | D:9      | Found a broken altar of Ashenzari.
 12780 | D:9      | Found a radiant altar of Vehumet.
 12799 | D:9      | Found Useraj's Magic Scroll Shop.
 13257 | D:9      | HP: 3/82 [steam dragon/ball of steam (12)]
 13273 | D:9      | HP: 3/82 [steam dragon] (6)]
 13277 | D:9      | HP: 1/82 [steam dragon (2)]
 13591 | D:9      | Found a bloodstained altar of Trog.
 13597 | D:9      | Noticed a wizard
 13600 | D:9      | Killed a wizard
 13646 | D:9      | Found an iron altar of Okawaru.
 14409 | D:9      | Bought a scroll of acquirement for 676 gold pieces
 14409 | D:9      | Bought a scroll of magic mapping for 97 gold pieces
 14409 | D:9      | Bought a scroll of enchant weapon for 97 gold pieces
 14410 | D:9      | Acquired 706 gold pieces
 14425 | D:9      | Found a sacrificial altar of Ru.
 14740 | D:10     | Entered Level 10 of the Dungeon
 14740 | D:10     | Noticed Snorg
 14755 | D:10     | Mangled by Snorg

Illustrated notes

Levels and vault maps discovered:
D:1:      lemuel_arrival_river_ford, layout_basic
D:2:      layout_basic, dreamdust_ecumenical_altar_grove, uniq_robin,
          uniq_jessica
D:3:      layout_basic, lemuel_round_altar, mainiacjoe_overflow_chevrons
D:4:      layout_basic, mainiacjoe_overflow_concentric_impassable,
          gup_sewer_entry_bowl, uniq_pikel
D:5:      layout_gridville, mainiacjoe_overflow_catwalk, lemuel_round_altar,
          mainiacjoe_overflow_24_doors, serial_shops,
          nicolae_shop_overgrown_old_shop
D:6:      layout_loops_ring, mainiacjoe_overflow_alcove_2,
          mainiacjoe_overflow_brackets, kennysheep_little_box,
          grunt_ministairs_14, hangedman_abyss_or_decor_passed, uniq_grinder,
          uniq_blork_the_orc
D:7:      nicolae_cairo_tiling_large, layout_gridville,
          nicolae_uskayaw_en_pointe, minmay_temple_entry_arrows,
          hangedman_decor_diamond_cutter, reono_crystal_passage
D:8:      layout_cave_pools, tso_oasis_becter, serial_shops,
          nicolae_shop_crystal, nrook_mini_vaults, minmay_shop_grid_forest
D:9:      layout_roguey, vehumet_crystals, lemuel_doored_altar,
          lemuel_coloured_pillars_altar, trog_wizard,
          mainiacjoe_overflow_boulevard, serial_shops, shop
D:10:     layout_roguey, uniq_snorg
Temple:   nicolae_temple_ecumenical_triangle

Skill      XL: |  1  2  3  4  5  6  7  8  9 10 |
---------------+-------------------------------+-----
Invocations    | 1 2 3 4 5 6 |  6.5
Short Blades   | 1 2 3 5 6 |  6.0
Long Blades    | 1 2 3 5 6 |  6.0
Maces & Flails | 1 2 3 5 6 |  6.0
Polearms       | 1 2 3 5 6 |  6.0
Staves         | 1 2 3 5 6 |  6.0
Ranged Weapons | 1 2 3 5 6 |  6.0
Throwing       | 1 2 3 5 6 |  6.0
Dodging        | 1 2 3 5 6 |  6.0
Stealth        | 1 2 3 5 6 |  6.0
Unarmed Combat | 1 2 3 5 6 |  6.0
Spellcasting   | 1 2 3 5 6 |  6.0
Evocations     | 1 2 3 5 6 |  6.0
Conjurations   | 1 2 3 4 |  4.9
Hexes          | 1 2 3 4 |  4.9
Summonings     | 1 2 3 4 |  4.9
Necromancy     | 1 2 3 4 |  4.9
Translocations | 1 2 3 4 |  4.9
Transmutations | 1 2 3 4 |  4.9
Fire Magic     | 1 2 3 4 |  4.9
Ice Magic      | 1 2 3 4 |  4.9
Air Magic      | 1 2 3 4 |  4.9
Earth Magic    | 1 2 3 4 |  4.9
Poison Magic   | 1 2 3 4 |  4.9
Fighting       | 7 8 9 |  9.0
Axes           | 5 6 7 |  7.6
Armour         | 7 8 9 |  9.0
Shields        | 7 8 9 |  9.0

Action                   |  1- 3 |  4- 6 |  7- 9 | 10-12 || total
-------------------------+-------+-------+-------+-------++-------
Melee: War axe           |    67 |    41 |       |       ||   108
       Bite              |     1 |    10 |    59 |   128 ||   198
       Long sword        |       |    72 |   385 |       ||   457
       Spear             |       |       |   187 |  1006 ||  1193
 Cast: Call Imp          |       |       |       |     2 ||     2
  Use: Scroll            |       |     9 |     7 |    10 ||    26
       Potion            |       |     1 |     8 |     5 ||    14
 Stab: Invisible         |       |       |     1 |       ||     1
       Distracted        |       |       |     1 |       ||     1
Armor: Scale mail        |    30 |    68 |   212 |   311 ||   621
Dodge: Dodged            |    38 |    70 |   227 |   374 ||   709
Block: Buckler           |    17 |    40 |   316 |   577 ||   950
       Reflection        |       |       |     5 |     6 ||    11
